 Dungeon Crawl Stone Soup version 0.26-a0-50-gc4d14cd842 (webtiles) character file.

Game seed: 18010416198898749059

303 sanka the Gusty (level 6, -8/41 HPs)
             Began as a Barachi Air Elementalist on June 4, 2020.
             Mangled by an ogre
             ... wielding a +0 giant club
              (22 damage)
             ... on level 4 of the Dungeon.
             The game lasted 00:06:48 (4368 turns).

sanka the Gusty (Barachi Air Elementalist)          Turns: 4368, Time: 00:06:49

Health: -8/41      AC:  2    Str: 10    XL:     6   Next: 38%
Magic:  4/10       EV: 12    Int: 15    God:
Gold:   92         SH:  0    Dex: 14    Spells: 5/11 levels left

rFire    . . .     SeeInvis .   t - +0 halberd
rCold    . . .     Gourm    .   (shield currently unavailable)
rNeg     . . .     Faith    .   a - +0 robe
rPois    .         Spirit   .   (no helmet)
rElec    .         Reflect  .   (no cloak)
rCorr    .         Harm     .   (no gloves)
MR       .....                  (no boots)
Stlth    ++........             (no amulet)
HPRegen  0.13/turn              (no ring)
MPRegen  0.12/turn              (no ring)

@: slow
A: +LOS, swims, slowness 1, strong legs 1
a: Hop


You were on level 4 of the Dungeon.
You were not hungry.

You visited 1 branch of the dungeon, and saw 4 of its levels.

You collected 92 gold pieces.


Innate Abilities, Weirdness & Mutations

You can be seen from farther away. (+LOS)
You can swim through water.
You cover ground slowly.
You can hop short distances.


   Skills:
 - Level 2.1 Dodging
 - Level 1.7 Stealth
 - Level 3.0 Spellcasting
 + Level 4.5 Conjurations
 + Level 5.6 Air Magic


You had 5 spell levels left.
You knew the following spells:

 Your Spells              Type           Power        Failure   Level  Hunger
s - Swiftness             Chrm/Air       ##......     10%         2    ##.....
z - Shock                 Conj/Air       ###.         2%          1    #......
Z - Static Discharge      Conj/Air       ###.....     8%          3    ###....

Your spell library contained the following spells:

 Spells                   Type           Power        Failure   Level  Hunger
 Airstrike                Air            ###.......   21%         4    #####..
 Lightning Bolt           Conj/Air       ###.......   56%         5    ######.

Inventory:

Hand Weapons
 d - a +0 spear
 t - a +0 halberd (weapon)
Missiles
 f - 63 stones (quivered)
Armour
 a - a +0 robe (worn)
Jewellery
 g - an uncursed ring of ice
Scrolls
 b - 4 scrolls of teleportation {@r4}
 e - a scroll of fear
 i - 3 scrolls of enchant armour
 l - a scroll of amnesia {unknown}
 m - a scroll of fog
 r - 2 scrolls of magic mapping
Potions
 h - 2 potions of curing {@q1}
 j - a potion of mutation {unknown}
 k - 3 potions of flight
 q - a potion of brilliance {unknown}
 s - a potion of ambrosia {unknown}
 u - a potion of heal wounds {unknown}
Comestibles
 c - 7 rations
 n - a chunk of flesh

Dungeon Overview and Level Annotations

Branches:
Dungeon (4/15)
 Temple: D:4-7

Altars:

▒▒...........▒▒▒▒▒ ▒▒....
▒▒▒..▒▒.......... ▒....▒ ▒.
.....▒▒.....▒... .....▒▒▒..
.▒▒▒..........▒▒▒ ▒.......
.▒ ▒▒........▒▒ ▒.▒... .▒
▒▒.......▒▒▒▒▒▒▒.▒.▒ .▒
▒▒...........▒▒....▒ ▒▒
▒..▒...▒▒▒▒▒.▒▒..▒.▒ ▒
▒▒.▒..▒▒▒ ▒F▒▒..▒.▒
▒▒▒▒..▒)▒▒ ▒.O...▒.▒
.....▒▒.▒ ▒▒▒..▒▒.▒
.▒▒▒▒▒▒.▒ ▒.....▒ ▒▒ ▒▒.▒
▒▒.▒▒....▒
▒..▒▒▒▒▒▒▒▒▒..▒▒▒▒.....
▒.......).............▒
▒▒▒▒▒..▒▒▒▒▒▒▒▒.^..▒▒▒▒▒▒.▒▒
.......▒ ▒..▒▒▒ ▒


You could see an ogre.


Message History

Aiming: Shock (safe; 2% risk of failure)
Aim: an ogre, wielding a +0 giant club (lightly wounded)
The zap hits the ogre.
The ogre is moderately wounded.
Aiming: Shock (safe; 2% risk of failure)
Aim: an ogre, wielding a +0 giant club (moderately wounded)
The zap hits the ogre.
The ogre is moderately wounded.
Aiming: Shock (safe; 2% risk of failure)
Aim: an ogre, wielding a +0 giant club (moderately wounded)
The zap hits the ogre!
The ogre is heavily wounded.
Aiming: Shock (safe; 2% risk of failure)
Aim: an ogre, wielding a +0 giant club (heavily wounded)
The zap misses the ogre.
Aiming: Shock (safe; 2% risk of failure)
Aim: an ogre, wielding a +0 giant club (heavily wounded)
The zap hits the ogre!
The ogre is severely wounded.
The ogre hits you with a +0 giant club!!
Ouch! That really hurt!
* * * LOW HITPOINT WARNING * * *
Unknown command.
Aiming: Shock (safe; 2% risk of failure)
Aim: an ogre, wielding a +0 giant club (severely wounded)
The zap hits the ogre.
The ogre is almost dead.
The ogre hits you with a +0 giant club!!
Ouch! That really hurt!
You die...

Action                   |  1- 3 |  4- 6 || total
-------------------------+-------+-------++-------
Melee: Spear             |    29 |     3 ||    32
       Halberd           |       |    11 ||    11
 Cast: Shock             |    74 |   110 ||   184
  Use: Scroll            |       |    11 ||    11
  Eat: Chunk             |     5 |     8 ||    13
Armor: Robe              |    10 |     7 ||    17
Dodge: Dodged            |    22 |    20 ||    42

Levels and vault maps discovered:
D:1:      saegor_arrival_under_anarchy, layout_basic
D:2:      layout_loops_ring, first_ration, roderic_lattice_a
D:3:      layout_loops_ring
D:4:      layout_rooms, uniq_duvessa

Notes
Turn   | Place    | Note
-------+----------+-------------------------------------------
     0 | D:1      | sanka the Barachi Air Elementalist began the quest for the
                  | Orb.
     0 | D:1      | Reached XP level 1. HP: 13/13 MP: 3/3
   338 | D:1      | Reached XP level 2. HP: 19/19 MP: 0/5
  1265 | D:1      | Reached skill level 2 in Conjurations
  1265 | D:1      | Reached XP level 3. HP: 24/24 MP: 5/7
  1874 | D:2      | Learned a level 2 spell: Swiftness
  1878 | D:2      | Learned a level 3 spell: Static Discharge
  1948 | D:2      | Reached skill level 3 in Spellcasting
  2009 | D:2      | Reached skill level 4 in Air Magic
  2285 | D:2      | Reached XP level 4. HP: 28/30 MP: 2/8
  2860 | D:3      | Reached skill level 3 in Conjurations
  2935 | D:3      | Reached XP level 5. HP: 35/35 MP: 4/9
  3860 | D:4      | Got an ancient scale mail
  3871 | D:4      | Identified the cursed +1 scale mail "Zudostaz" {*Slow rPois
                  | rN+ Stlth+} (You found it on level 4 of the Dungeon)
  3904 | D:4      | Noticed a phantom
  3990 | D:4      | Killed a phantom
  3990 | D:4      | Reached skill level 4 in Conjurations
  3990 | D:4      | Reached skill level 5 in Air Magic
  3990 | D:4      | Reached XP level 6. HP: 21/41 MP: 1/10
  4368 | D:4      | Mangled by an ogre

Vanquished Creatures
  A phantom (D:4)
  A worker ant (D:4)
  A hound skeleton (D:4)
  4 adders
  6 gnolls
  2 oozes
  A worm (D:3)
  3 dart slugs (D:1)
  3 leopard geckos
  2 orcs
  7 bats
  A giant cockroach (D:1)
  3 goblins
  5 hobgoblins
  5 jackals
  5 quokkas
  5 frilled lizards
  13 kobolds
  4 rats
72 creatures vanquished.
